 Dungeon Crawl Stone Soup version 0.21.1-1-g345015f (webtiles) character file.

200 Hebeh the Shield-Bearer (level 5, -6/49 HPs)
             Began as a Deep Dwarf Fighter on June 17, 2018.
             Mangled by Duvessa
             ... wielding a +0 short sword
              (8 damage)
             ... on level 4 of the Dungeon.
             The game lasted 00:08:10 (2362 turns).

Hebeh the Shield-Bearer (Deep Dwarf Fighter)        Turns: 2362, Time: 00:08:10

Health: -6/49      AC: 12    Str: 20    XL:     5   Next: 49%
Magic:  4/4        EV:  4    Int:  9    God:
Gold:   93         SH:  9    Dex: 12    Spells: 4/4 levels left

rFire    . . .     SeeInvis .   a - +0 war axe
rCold    . . .     Gourm    .   c - +0 shield
rNeg     . . .     Faith    .   e - +0 plate armour
rPois    .         Spirit   .   (no helmet)
rElec    .         Reflect  .   (no cloak)
rCorr    .         Harm     .   (no gloves)
MR       .....                  (no boots)
Stlth    ..........             (no amulet)
HPRegen  0.00/turn              (no ring)
MPRegen  0.09/turn              (no ring)

@: lethally poisoned (-6 -> -6), non-regenerating
A: damage resistance, heal wounds, sense surroundings 1, no regeneration
a: Heal Wounds


You were on level 4 of the Dungeon.
You were not hungry.

You visited 1 branch of the dungeon, and saw 4 of its levels.

You collected 93 gold pieces.

Inventory:

Hand Weapons
 a - a +0 war axe (weapon)
 p - a +1 trident of protection
 r - a +2 flail of crushing
Armour
 b - a +0 scale mail
 c - a +0 shield (worn)
 e - a +0 plate armour (worn)
Jewellery
 k - a cursed -2 ring of strength {unknown}
Wands
 l - a wand of acid (7)
 q - a wand of random effects (31)
Scrolls
 g - 6 scrolls of identify
 n - a scroll of enchant armour {unknown}
 o - a scroll of noise {unknown}
Potions
 d - a potion of might
 i - a potion of cancellation
 j - 4 potions of heal wounds {unknown}
 m - a potion of agility {unknown}
Comestibles
 f - 7 rations


   Skills:
 + Level 3.6 Fighting
 + Level 3.6 Axes
 + Level 4.4 Armour
 + Level 4.4 Shields


You had 4 spell levels left.
You didn't know any spells.

Dungeon Overview and Level Annotations

Branches:
Dungeon (4/15)
 Temple: D:4-7

Altars:
Ashenzari
Elyvilon
Gozag
Hepliaklqana
Kikubaaqudgha
Okawaru
Trog
Uskayaw

Annotations:
D:4 Duvessa


Innate Abilities, Weirdness & Mutations

You are resistant to damage.
You can heal yourself by infusing magical energy.
You passively map a small area around you.
You do not regenerate.


Message History

You barely miss Duvessa.
Duvessa is heavily wounded.
Duvessa hits you with a short sword. You block Duvessa's attack.
Duvessa hits you with a short sword.
You hit Duvessa but do no damage.
Duvessa is heavily wounded.
Duvessa hits you with a short sword. x2
Your shield and plate armour prevent you from hitting Duvessa.
Duvessa is heavily wounded.
You block Duvessa's attack. Duvessa hits you with a short sword!
* * * LOW HITPOINT WARNING * * *
You slash Duvessa!
Duvessa is heavily wounded.
You block Duvessa's attack. x2
You closely miss Duvessa.
Duvessa is heavily wounded.
Duvessa hits you with a short sword!
* * * LOW HITPOINT WARNING * * *
Duvessa hits you with a short sword!
You die...

* + * , , ...... *
,, , , ....., #+# *
.... ...., ... , ,
.....* .. ,,,,, *
.....###. ,,
........# ,
,......e@###### ,
,......).##...# * *
........''...+ , ,
........##...#
........##...##### ,
*,........##........
,,
,........##........
**
,........##........
, ........##........


You could see Duvessa (berserk).

Vanquished Creatures
  Dowan (D:4)
  An orc wizard (D:3)
  6 adders
  A worm (D:3)
  2 dart slugs
  6 orcs
  A ball python (D:3)
  7 bats
  3 giant cockroaches
  2 goblins (D:3)
  5 hobgoblins
  5 jackals
  6 kobolds
  A quokka (D:2)
  A frilled lizard (D:1)
  9 rats
57 creatures vanquished.

Notes
Turn   | Place    | Note
-------+----------+-------------------------------------------
     0 | D:1      | Hebeh the Deep Dwarf Fighter began the quest for the Orb.
     0 | D:1      | Reached XP level 1. HP: 20/20 MP: 1/1
   122 | D:1      | Reached XP level 2. HP: 25/27 MP: 2/2
   520 | D:2      | Reached XP level 3. HP: 27/34 MP: 3/3
   791 | D:2      | Found a hazy altar of Hepliaklqana.
   870 | D:2      | Found an opulent altar of Gozag.
  1035 | D:2      | Reached XP level 4. HP: 28/42 MP: 4/4
  1580 | D:3      | Reached XP level 5. HP: 41/49 MP: 5/5
  1630 | D:3      | Found a bloodstained altar of Trog.
  1916 | D:3      | Found a white marble altar of Elyvilon.
  1916 | D:3      | Found an ancient bone altar of Kikubaaqudgha.
  1919 | D:3      | Found an iron altar of Okawaru.
  1919 | D:3      | Found a hide-covered altar of Uskayaw.
  1920 | D:3      | Found a shattered altar of Ashenzari.
  2327 | D:4      | Noticed Duvessa
  2327 | D:4      | Noticed Dowan
  2353 | D:4      | Killed Dowan
  2362 | D:4      | HP: 2/49 [Duvessa/short sword (7)]
  2362 | D:4      | Mangled by Duvessa

Skill      XL: |  1  2  3  4 |
---------------+-------------+-----
Fighting       | 3 |  3.6
Axes           | 3 |  3.6
Shields        | 4 |  4.4
Armour         | 4 |  4.4

Action                   |  1- 3 |  4- 6 || total
-------------------------+-------+-------++-------
Melee: War axe           |   117 |    89 ||   206
       Whip              |    21 |    63 ||    84
 Abil: Heal Wounds       |       |     4 ||     4
  Use: Scroll            |     3 |     1 ||     4
  Eat: Chunk             |     1 |     3 ||     4
       Ration            |       |     1 ||     1
Armor: Plate armour      |   122 |   122 ||   244
Dodge: Dodged            |    25 |    22 ||    47
Block: Shield            |    92 |    97 ||   189
